[Event "Wednesday Night Engine Blitz Tour DRR 3m+1s Starts at 2200hrs"]
[Site "Infinity Chess"]
[Date "2018.4.25"]
[Round "6"]
[White "light"]
[Black "star99"]
[Result "0-1 "]
[ECO "B30"]
[WhiteElo "2521"]
[BlackElo "2490"]
[WhiteEngine "Cfish_x64_180418_ELTO_CTG"]
[BlackEngine "Cryptic Heroes 9.4B"]
[EventType "Round Robin"]
[WhiteTeam ""]
[BlackTeam ""]
[PlyCount "223"]
[TimeControl "180+1"]

1. e4 c5 2. Nf3 Nc6 3. Nc3 g6 4. d4 cxd4 5. Nxd4 Bg7 6. Be3 Nf6 7. Bc4 O-O 
8. Bb3 d6 9. f3 Na5 10. Qd2 h5 11. O-O-O Bd7 12. Kb1 Rb8 13. Bh6 b5 
14. Bxg7 Kxg7 15. Nd5 Nc4 16. Qe2 Qc8 17. Nxf6 Kxf6 18. f4 Kg7 19. Qe1 f6 
20. f5 g5 21. a3 a5 22. Bxc4 bxc4 23. Qc3 Qb7 24. Rhe1 Rfc8 25. Ka1 Kh7 
26. Rb1 Rc5 27. Re3 Be8 28. g3 Bf7 29. Qe1 Re5 30. h3 Be8 31. Nf3 Rb5 
32. Qc3 Bf7 33. Nd4 Rc5 34. Rbe1 Kg8 35. Kb1 Kg7 36. R3e2 Rcc8 37. Rd1 Qa7 
38. Nf3 Kg8 39. Nd4 Qb6 40. Ka1 Kg7 41. Re3 Rb7 42. Rb1 Rcb8 43. Qd2 Rh8 
44. Qc3 Rbb8 45. h4 g4 46. Ne2 Rb7 47. Nd4 Rhb8 48. Ne2 Kg8 49. Nd4 Qc5 
50. Qd2 Qb6 51. Ree1 Rc8 52. Ne2 Qf2 53. Qd4 Qxd4 54. Nxd4 Rc5 55. Re3 Re5 
56. Nc6 Rc5 57. Nd4 Rb6 58. Re2 Re5 59. Rbe1 Rb7 60. Re3 Be8 61. Ne6 Bf7 
62. Nd4 a4 63. Nc6 Reb5 64. Rd1 Rc7 65. Nd4 Re5 66. Rde1 d5 67. exd5 Rxe3 
68. Rxe3 Rd7 69. Re4 Rxd5 70. Kb1 Kf8 71. Kc1 Be8 72. c3 Bd7 73. Rf4 Ke8 
74. Kd2 Kd8 75. Ke2 Re5+ 76. Kd2 Rd5 77. Ke3 Kc7 78. Ne6+ Bxe6 79. Rxc4+ Kd6 
80. fxe6 Ra5 81. Kd3 Kxe6 82. Re4+ Kf7 83. Rf4 e6 84. Kd2 Ke7 85. Ke3 Re5+ 
86. Kd2 Rb5 87. Rb4 Rf5 88. Rxa4 Rf2+ 89. Ke3 Rf3+ 90. Kd4 e5+ 91. Kd5 Rd3+ 
92. Ke4 Rxg3 93. Ra7+ Ke6 94. Ra6+ Kf7 95. Ra7+ Kg6 96. Ra8 Rg1 97. c4 Re1+ 
98. Kd3 Rd1+ 99. Ke2 Rc1 100. b3 Rc3 101. Rb8 e4 102. b4 f5 103. Rf8 Rxc4 
104. Kd2 Rd4+ 105. Ke2 Rd3 106. a4 Rd4 107. Ke3 Rxb4 108. a5 Rb3+ 109. Kf4 e3 
110. Re8 e2 111. Rxe2 Kf6 112. Rf2 0-1

[Event "Wednesday Night Engine Blitz Tour DRR 3m+1s Starts at 2200hrs"]
[Site "Infinity Chess"]
[Date "2018.4.25"]
[Round "6"]
[White "BlitzMaster"]
[Black "OlivierEvan"]
[Result "1/2-1/2"]
[ECO "C50"]
[WhiteElo "2547"]
[BlackElo "2377"]
[WhiteEngine "asmFishW_2018-04-11_popcnt"]
[BlackEngine "Houdini 6"]
[EventType "Round Robin"]
[WhiteTeam ""]
[BlackTeam ""]
[PlyCount "127"]
[TimeControl "180+1"]

1. e4 e5 2. Nf3 Nc6 3. Bc4 Bc5 4. O-O Nf6 5. d3 d6 6. c3 O-O 7. Bg5 h6 8. Bh4 a6 
9. a4 g5 10. Bg3 Ba7 11. Nbd2 Nh7 12. h3 h5 13. Kh1 Kh8 14. b4 g4 15. Nh4 Qg5 
16. b5 Ne7 17. d4 exd4 18. cxd4 Qh6 19. e5 d5 20. Bd3 Bxd4 21. Rc1 c6 
22. Nb3 Ba7 23. bxa6 bxa6 24. Rg1 Rg8 25. e6 Bxe6 26. Be5+ f6 27. Bd4 gxh3 
28. g3 Bg4 29. Qc2 Bxd4 30. Nxd4 Nf8 31. Rb1 Rc8 32. Rb7 c5 33. Rxe7 cxd4 
34. Qb2 Rg7 35. Rxg7 Qxg7 36. Qxd4 Ne6 37. Qb2 d4 38. Re1 Qc7 39. Kh2 Ng5 
40. Qxd4 Kg7 41. Qe3 Rd8 42. f3 Qd6 43. Qe7+ Nf7 44. fxg4 Qxe7 45. Rxe7 Rxd3 
46. gxh5 Kg8 47. Kxh3 Rd4 48. g4 Rxa4 49. Ng6 Ng5+ 50. Kg3 Ra3+ 51. Kf2 Ra2+ 
52. Ke3 Ra3+ 53. Kd2 Ra2+ 54. Kc1 Nf7 55. Re6 Kg7 56. Ne7 Nh6 fxg5 58. Nd5 
Nf7 59. Rg6+ Kf8 60. h6 Rh2 61. Nc7 g4 62. Rxg4 Rxh6 63. Ra4 a5 64. Rxa5 
Rc6+ 1/2-1/2 1/2-1/2

[Event "Wednesday Night Engine Blitz Tour DRR 3m+1s Starts at 2200hrs"]
[Site "Infinity Chess"]
[Date "2018.4.25"]
[Round "5"]
[White "OlivierEvan"]
[Black "gmmarolideus"]
[Result "1/2-1/2"]
[ECO "C16"]
[WhiteElo "2379"]
[BlackElo "2323"]
[WhiteEngine "Houdini 6"]
[BlackEngine "asmFishW_2018-04-07_popcnt_CTG"]
[EventType "Round Robin"]
[WhiteTeam ""]
[BlackTeam ""]
[PlyCount "74"]
[TimeControl "180+1"]

1. e4 e6 2. d4 d5 3. Nc3 Bb4 4. e5 Ne7 5. a3 Bxc3+ 6. bxc3 c5 7. Qg4 O-O 
8. Bd3 f5 9. exf6 Rxf6 10. Bg5 Rf7 11. Qh5 g6 12. Qd1 Nbc6 13. Nf3 Qa5 
14. Bd2 c4 15. Be2 Nf5 16. h4 h6 17. a4 Bd7 18. Rb1 b6 19. O-O Nd6 20. Bxh6 Ne4 
21. Bd2 Nxc3 22. Qe1 Nxe2+ 23. Qxe2 Qxa4 24. Rbc1 Qa3 25. c3 Qf8 26. Ng5 Rf6 
27. Rb1 b5 28. Qg4 Rb8 29. Nf3 a5 30. h5 Qg7 31. h6 Qf7 32. Qg3 Rf5 33. Ng5 Qf6 
34. Qc7 Qd8 35. Qg3 Qf6 36. Qc7 Qd8 37. Qg3 Qf6 1/2-1/2

[Event "Wednesday Night Engine Blitz Tour DRR 3m+1s Starts at 2200hrs"]
[Site "Infinity Chess"]
[Date "2018.4.25"]
[Round "5"]
[White "star99"]
[Black "BlitzMaster"]
[Result "1/2-1/2 "]
[ECO "C58"]
[WhiteElo "2487"]
[BlackElo "2550"]
[WhiteEngine "Cryptic Heroes 9.4B"]
[BlackEngine "asmFishW_2018-04-11_popcnt"]
[EventType "Round Robin"]
[WhiteTeam ""]
[BlackTeam ""]
[PlyCount "61"]
[TimeControl "180+1"]

1. e4 e5 2. Nf3 Nc6 3. Bc4 Nf6 4. Ng5 d5 5. exd5 Na5 6. Bb5+ c6 7. dxc6 bxc6 
8. Bd3 Nd5 9. h4 h6 10. Qh5 Qf6 11. Nh7 Rxh7 12. Bxh7 g6 13. Qe2 Nf4 14. Qf3 Bb7 
15. Nc3 Qg7 16. d4 Ne6 17. dxe5 O-O-O 18. Bxh6 Qxh6 19. Qxf7 Ng5 20. Qxg6 Nxh7 
21. h5 Qd2+ 22. Kf1 Qf4 23. Rd1 Bc5 24. Rxd8+ Kxd8 25. Nd1 Ba6+ 26. Kg1 Qd2 
27. Kh2 Nf8 28. Qf6+ Be7 29. Qf5 Nc4 30. f4 Nb6 31. Nc3 1/2-1/2

[Event "Wednesday Night Engine Blitz Tour DRR 3m+1s Starts at 2200hrs"]
[Site "Infinity Chess"]
[Date "2018.4.25"]
[Round "5"]
[White "Dovahkiin"]
[Black "light"]
[Result "1/2-1/2"]
[ECO "C50"]
[WhiteElo "2462"]
[BlackElo "2523"]
[WhiteEngine "BrainFish_180423_x64_modern_CTG"]
[BlackEngine "Cfish_x64_180418_ELTO_CTG"]
[EventType "Round Robin"]
[WhiteTeam ""]
[BlackTeam ""]
[PlyCount "85"]
[TimeControl "180+1"]

1. e4 e5 2. Nf3 Nc6 3. Bc4 Bc5 4. O-O Nf6 5. d3 d6 6. c3 O-O 7. Bg5 a5 8. h3 h6 
9. Bh4 g5 10. Bg3 Nh5 11. d4 exd4 12. cxd4 Bb6 13. Nc3 Nxg3 14. fxg3 g4 
15. hxg4 Bxg4 16. Qd2 Bxf3 17. gxf3 Qg5 18. Qxg5+ hxg5 19. Nd5 Bxd4+ 
20. Kg2 Rfc8 21. Rad1 Bxb2 22. Rh1 Rab8 23. a4 Kg7 24. Rh5 Kg6 25. Rh3 Rh8 
26. Rxh8 Rxh8 27. Nxc7 Ba3 28. Nb5 Bc5 29. f4 gxf4 30. gxf4 Rd8 31. Rd5 Kg7 
32. Rg5+ Kf8 33. Rf5 Rd7 34. Kf3 b6 35. Rd5 Ke7 36. Rf5 Kf8 37. Rd5 Nb4 
38. Rd2 Ke7 39. Re2 Kd8 40. Rg2 Ke7 41. Re2 Kf8 42. Rd2 Ke7 43. Re2 1/2-1/2

[Event "Wednesday Night Engine Blitz Tour DRR 3m+1s Starts at 2200hrs"]
[Site "Infinity Chess"]
[Date "2018.4.25"]
[Round "4"]
[White "light"]
[Black "Victorious"]
[Result "1-0 "]
[ECO "C50"]
[WhiteElo "2507"]
[BlackElo "2517"]
[WhiteEngine "Cfish_x64_180418_ELTO_CTG"]
[BlackEngine "asmFishW_2018-04-24_popcnt"]
[EventType "Round Robin"]
[WhiteTeam ""]
[BlackTeam ""]
[PlyCount "193"]
[TimeControl "180+1"]

1. e4 e5 2. Nf3 Nc6 3. Bc4 Bc5 4. O-O Nf6 5. d3 d6 6. c3 a5 7. h3 O-O 8. Re1 h6 
9. Bb3 Re8 10. Nbd2 b5 11. a4 b4 12. Nf1 Bb6 13. Bc4 Ba6 14. Ba2 Ne7 15. Qb3 Rf8 
16. Ng3 c5 17. Qc2 Kh7 18. Be3 Rc8 19. Rad1 Ng6 20. Nf5 Bb7 21. Bc4 Ne7 
22. Ng3 Ng6 23. Nf5 Ne7 24. Nxe7 Qxe7 25. Qe2 Bc7 26. Rc1 Rfd8 27. Bd2 Bc6 
28. Bb5 Bb7 29. Be3 Kh8 30. cxb4 axb4 31. Nd2 Nh7 32. Qh5 Nf8 33. Bc4 Kg8 
34. Nf1 Ne6 35. Nh2 Kh7 36. Bd2 Rh8 37. Ng4 Bd8 38. Rf1 Rc7 39. Ne3 g6 
40. Qd1 Qe8 41. Bb5 Qe7 42. a5 Rf8 43. Ra1 Ba8 44. Bc4 Ra7 45. Nd5 Bxd5 
46. exd5 Nd4 47. a6 Qc7 48. Be3 Nf5 49. Qf3 Bg5 50. g3 Qc8 51. Kg2 Qd8 
52. Rg1 h5 53. Kh2 Rh8 54. Rae1 Kg7 55. Re2 Qe7 56. Ree1 Re8 57. Qe4 Bxe3 
58. fxe3 h4 59. gxh4 Nxh4 60. Ref1 f5 61. Rxf5 Nxf5 62. Qxf5 Qf7 63. Qe4 Rh8 
64. b3 Rh6 65. Rg3 Rh5 66. d4 exd4 67. Bd3 Rh6 68. exd4 Re7 69. Qg2 c4 
70. Bxc4 Rh5 71. Bd3 Qf4 72. Qf3 Qxf3 73. Rxf3 Rxd5 74. Rg3 Rxd4 75. Rxg6+ Kf7 
76. Rg3 Rc7 77. Re3 Rc3 78. Rf3+ Ke7 79. a7 Rc8 80. Bg6 Ra8 81. Rf2 d5 
82. Ra2 Rd1 83. h4 Rc1 84. Ra4 Rc7 85. Rxb4 Raxa7 86. Rf4 Ra2+ 87. Kg3 Rc3+ 
88. Kg4 Rg2+ 89. Kf5 Rxb3 90. h5 Re3 91. Rh4 Rf3+ 92. Rf4 Rxf4+ 93. Kxf4 Kf6 
94. Be8 Rc2 95. Bb5 Rf2+ 96. Kg4 Rf5 97. Be8 1-0

[Event "Wednesday Night Engine Blitz Tour DRR 3m+1s Starts at 2200hrs"]
[Site "Infinity Chess"]
[Date "2018.4.25"]
[Round "4"]
[White "BlitzMaster"]
[Black "Dovahkiin"]
[Result "1/2-1/2"]
[ECO "C50"]
[WhiteElo "2554"]
[BlackElo "2458"]
[WhiteEngine "asmFishW_2018-04-11_popcnt"]
[BlackEngine "BrainFish_180423_x64_modern_CTG"]
[EventType "Round Robin"]
[WhiteTeam ""]
[BlackTeam ""]
[PlyCount "210"]
[TimeControl "180+1"]

1. e4 e5 2. Nf3 Nc6 3. Bc4 Bc5 4. O-O Nf6 5. d3 d6 6. c3 O-O 7. Bg5 h6 8. Bh4 g5 
9. Bg3 a6 10. a4 Ba7 11. Nbd2 Nh7 12. h3 h5 13. Kh1 Kh8 14. b4 h4 15. Bh2 g4 
16. hxg4 Bxg4 17. b5 Na5 18. Ba2 Qf6 19. d4 Rae8 20. Qb1 Qh6 21. Qd3 f5 
22. exf5 Bxf5 23. Qe3 Qh5 24. Nxe5 Nf6 25. Nf7+ Rxf7 26. Bxf7 Qxf7 27. Qh6+ Kg8 
28. Qxh4 Rf8 29. bxa6 bxa6 30. Rfe1 Qh7 31. Qxh7+ Bxh7 32. Re3 Rf7 33. Rae1 Bc2 
34. Rc1 Bg6 35. Kg1 Bb6 36. Bg3 Nd5 37. Re8+ Kg7 38. Ra8 Nc6 39. Nb3 Na5 
40. Nd2 Nc6 41. Nb3 Ba7 42. a5 Bf5 43. c4 Ndb4 44. d5 Nd4 45. Rxa7 Nxb3 
46. Rc3 Nxa5 47. Ra8 Bg6 48. Kh1 Bf5 49. Kh2 Bg6 50. c5 Nb7 51. Rc4 a5 
52. cxd6 cxd6 53. Rd4 Rd7 54. f3 Nd3 55. Ra7 Kf6 56. Rh4 Bf7 57. Bxd6 Rxd6 
58. Rxb7 Rxd5 59. Rh6+ Kg5 60. Rhb6 Be8 61. Re7 Bg6 62. g3 Rc5 63. Kh3 Bf5+ 
64. g4 Bxg4+ 65. fxg4 Nf4+ 66. Kg3 Rc3+ 67. Kf2 Kxg4 68. Rg7+ Kf5 69. Rb5+ Ke4 
70. Rxa5 Rc2+ 71. Ke1 Ng2+ 72. Kf1 Ne3+ 73. Kg1 Kf3 74. Ra3 Rc4 75. Rg2 Re4 
76. Rf2+ Kg3 77. Rb3 Kh4 78. Rf3 Nd5 79. Rfd3 Nf4 80. Rd8 Ne6 81. Rh8+ Kg5 
82. Kf2 Kf6 83. Rb5 Re2+ 84. Kf1 Re4 85. Rh3 Kg6 86. Ra5 Nd4 87. Rh8 Kg7 
88. Rh1 Re6 89. Rd5 Re4 90. Kg2 Kg6 91. Rb1 Re2+ 92. Kg3 Re4 93. Ra5 Re6 
94. Rb4 Nc6 95. Rg4+ Kf7 96. Rc5 Ne5 97. Rg5 Kf6 98. Rh5 Ng6 99. Rhf5+ Kg7 
100. Kg4 Ne7 101. Rc7 Kg6 102. Rg5+ Kf6 103. Rh5 Kg6 104. Rb5 Kf6 105. Ra7 Rd6 
1/2-1/2

[Event "Wednesday Night Engine Blitz Tour DRR 3m+1s Starts at 2200hrs"]
[Site "Infinity Chess"]
[Date "2018.4.25"]
[Round "4"]
[White "gmmarolideus"]
[Black "star99"]
[Result "0-1"]
[ECO "C58"]
[WhiteElo "2333"]
[BlackElo "2477"]
[WhiteEngine "asmFishW_2018-04-07_popcnt_CTG"]
[BlackEngine "Cryptic Heroes 9.4B"]
[EventType "Round Robin"]
[WhiteTeam ""]
[BlackTeam ""]
[PlyCount "178"]
[TimeControl "180+1"]

1. e4 e5 2. Nf3 Nc6 3. Bc4 Nf6 4. Ng5 d5 5. exd5 Na5 6. Bb5+ c6 7. dxc6 bxc6 
8. Qf3 Be7 9. Bd3 O-O 10. Nc3 h6 11. Nge4 Nxe4 12. Bxe4 f5 13. Bxc6 Nxc6 
14. Qxc6 Bd7 15. Qc4+ Rf7 16. Qe2 Bc5 17. O-O Qc7 18. Kh1 Bd4 19. f3 Re8 
20. d3 Bxc3 21. bxc3 Qxc3 22. Be3 Ba4 23. Rfc1 Rb7 24. Bd2 Qa3 25. d4 Bb5 
26. Qf2 e4 27. fxe4 fxe4 28. Qe3 Qa6 29. Rab1 Rf7 30. a3 Bc4 31. Re1 Re6 
32. Rbc1 Rf5 33. Rg1 Bd5 34. Qh3 Ref6 35. Be3 Kh7 36. c3 Qd3 37. Qg3 a5 
38. h3 a4 39. Rge1 Rg6 40. Qb8 Bc4 41. Qc7 Rh5 42. d5 Qxd5 43. Rc2 Qd3 
44. Rb2 Qxc3 45. Ree2 Qd3 46. Kh2 Be6 47. Rbd2 Qb1 48. Qf4 Rg4 49. Qf2 Qb8+ 
50. Kh1 Rg6 51. Qf1 Bc4 52. Qf2 Bxe2 53. Qxe2 Rxh3+ 54. gxh3 Qg3 55. Bc5 Qxh3+ 
56. Qh2 Qf1+ 57. Bg1 Qf3+ 58. Rg2 Rg5 59. Bf2 e3 60. Bxe3 Rh5 61. Qxh5 Qxh5+ 
62. Kg1 Qf3 63. Bf2 Qxa3 64. Kh2 Qf3 65. Be1 Qxg2+ 66. Kxg2 a3 67. Bg3 g5 
68. Be5 Kg6 69. Kf3 Kf5 70. Ba1 h5 71. Ke2 g4 72. Bd4 Ke4 73. Bf6 g3 74. Kf1 Kf3 
75. Ba1 h4 76. Kg1 h3 77. Bf6 a2 78. Be5 h2+ 79. Kh1 Ke3 80. Kg2 h1=Q+ 
81. Kxh1 Kf2 82. Bd4+ Kf1 83. Ba1 g2+ 84. Kh2 g1=Q+ 85. Kh3 Qg6 86. Bb2 Kf2 
87. Bd4+ Kf3 88. Bf2 Qg2+ 89. Kh4 Qg4# 0-1

[Event "Wednesday Night Engine Blitz Tour DRR 3m+1s Starts at 2200hrs"]
[Site "Infinity Chess"]
[Date "2018.4.25"]
[Round "3"]
[White "star99"]
[Black "OlivierEvan"]
[Result "1-0"]
[ECO "C26"]
[WhiteElo "2464"]
[BlackElo "2392"]
[WhiteEngine "Cryptic Heroes 9.4B"]
[BlackEngine "Houdini 6"]
[EventType "Round Robin"]
[WhiteTeam ""]
[BlackTeam ""]
[PlyCount "110"]
[TimeControl "180+1"]

1. e4 e5 2. Nc3 Nf6 3. g3 Bc5 4. Bg2 Nc6 5. Nge2 d6 6. Na4 h5 7. h4 a5 
8. Nxc5 dxc5 9. d3 Qd6 10. Nc3 Nd4 11. O-O Be6 12. f4 Ng4 13. f5 Bd7 
14. Nd5 O-O-O 15. c3 Nc6 16. Ne3 Nxe3 17. Bxe3 g6 18. Kh2 b6 19. Qe2 Kb8 
20. a3 Bc8 21. b4 cxb4 22. axb4 Qxd3 23. Qf2 Rhg8 24. Bg5 Rd7 25. Qa2 Qxc3 
26. Rfc1 Nxb4 27. Rxc3 Nxa2 28. Rxa2 Bb7 29. fxg6 fxg6 30. Rf2 Rd6 31. Rf7 Rc6 
32. Rxc6 Bxc6 33. Bd2 a4 34. Bc3 Rd8 35. Bxe5 Rd7 36. Rf2 Re7 37. Bf6 Re6 
38. e5 Bxg2 39. Kxg2 b5 40. Rb2 c6 41. Kf3 Ka7 42. Ke4 Re8 43. Kd4 Kb6 
44. Ra2 Kc7 45. Kc5 Kd7 46. Rd2+ Ke6 47. Rd6+ Kf5 48. Rxc6 Rb8 49. Kb4 Ra8 
50. Kxb5 a3 51. Rc1 Rb8+ 52. Ka4 a2 53. Ra1 Rb2 54. Ka3 Rg2 55. Rxa2 Rxg3+ 1-0

[Event "Wednesday Night Engine Blitz Tour DRR 3m+1s Starts at 2200hrs"]
[Site "Infinity Chess"]
[Date "2018.4.25"]
[Round "3"]
[White "Dovahkiin"]
[Black "gmmarolideus"]
[Result "0-1 "]
[ECO "C02"]
[WhiteElo "2481"]
[BlackElo "2310"]
[WhiteEngine "BrainFish_180423_x64_modern_CTG"]
[BlackEngine "asmFishW_2018-04-07_popcnt_CTG"]
[EventType "Round Robin"]
[WhiteTeam ""]
[BlackTeam ""]
[PlyCount "128"]
[TimeControl "180+1"]

1. e4 e6 2. d4 d5 3. e5 c5 4. c3 Nc6 5. Nf3 Bd7 6. Be2 Nge7 7. O-O cxd4 
8. cxd4 Nf5 9. Nc3 a6 10. g4 Nh4 11. Nxh4 Qxh4 12. f4 Rc8 13. Be3 Na5 
14. Bf2 Qd8 15. Bd3 Bb4 16. Rc1 O-O 17. Qe2 Bxc3 18. bxc3 Bb5 19. Bxb5 axb5 
20. Bg3 b4 21. cxb4 Rxc1 22. Rxc1 Nc4 23. Be1 b5 24. Kg2 Qe7 25. h3 Ra8 
26. Rc2 Ra3 27. Kh2 h6 28. Bc3 Qh4 29. Qf3 Qe1 30. Bxe1 Rxf3 31. Bg3 Kh7 
32. f5 exf5 33. gxf5 Rxf5 34. Re2 Rf3 35. e6 fxe6 36. Rxe6 Ra3 37. Be5 Rxa2+ 
38. Kg3 Re2 39. Re8 Re3+ 40. Kf2 Rxh3 41. Rb8 Rh5 42. Bc7 Rf5+ 43. Ke2 Rf7 
44. Bg3 Re7+ 45. Kf2 Re4 46. Rxb5 Rxd4 47. Rb7 h5 48. Rd7 h4 49. Bc7 Rd2+ 
50. Kg1 Ne3 51. Bf4 d4 52. Kh1 Kg6 53. b5 Rd1+ 54. Kh2 Ng4+ 55. Kh3 Kf5 
56. Rf7+ Nf6 57. Bc7 Rd3+ 58. Kg2 h3+ 59. Kf1 Rb3 60. b6 d3 61. Kf2 Rxb6 
62. Re7 Rb7 63. Re5+ Kg4 64. Re1 Rxc7 0-1

[Event "Wednesday Night Engine Blitz Tour DRR 3m+1s Starts at 2200hrs"]
[Site "Infinity Chess"]
[Date "2018.4.25"]
[Round "3"]
[White "Victorious"]
[Black "BlitzMaster"]
[Result "1/2-1/2"]
[ECO "C55"]
[WhiteElo "2515"]
[BlackElo "2556"]
[WhiteEngine "asmFishW_2018-04-24_popcnt"]
[BlackEngine "asmFishW_2018-04-11_popcnt"]
[EventType "Round Robin"]
[WhiteTeam ""]
[BlackTeam ""]
[PlyCount "85"]
[TimeControl "180+1"]

1. e4 e5 2. Nf3 Nc6 3. Bc4 Nf6 4. d3 Bc5 5. O-O d6 6. c3 a5 7. Re1 Ba7 
8. Nbd2 O-O 9. Nf1 Be6 10. Bb5 Ne7 11. d4 exd4 12. Nxd4 Ng6 13. Ba4 h6 
14. Be3 Bc8 15. Bc2 Re8 16. Ng3 Ng4 17. Bc1 Bd7 18. h3 Nf6 19. Be3 a4 
20. Qd3 Ne5 21. Qe2 d5 22. Ndf5 a3 23. b4 Nxe4 24. Bxe4 dxe4 25. Bxa7 Rxa7 
26. Qxe4 Ra8 27. Rad1 Qf6 28. Ne3 Ba4 29. Rd2 Rad8 30. Rxd8 Qxd8 31. Qxb7 Qd2 
32. Re2 Qxc3 33. Kh2 Ng6 34. Nd5 Qc4 35. Rxe8+ Bxe8 36. Qa8 Kh7 37. Ne4 Bc6 
38. Nef6+ gxf6 39. Nxf6+ Kg7 40. Nh5+ Kh7 41. Nf6+ Kg7 42. Nh5+ Kh7 43. Nf6+ 
1/2-1/2

[Event "Wednesday Night Engine Blitz Tour DRR 3m+1s Starts at 2200hrs"]
[Site "Infinity Chess"]
[Date "2018.4.25"]
[Round "2"]
[White "BlitzMaster"]
[Black "light"]
[Result "1/2-1/2"]
[ECO "C50"]
[WhiteElo "2558"]
[BlackElo "2505"]
[WhiteEngine "asmFishW_2018-04-11_popcnt"]
[BlackEngine "Cfish_x64_180418_ELTO_CTG"]
[EventType "Round Robin"]
[WhiteTeam ""]
[BlackTeam ""]
[PlyCount "114"]
[TimeControl "180+1"]

1. e4 e5 2. Nf3 Nc6 3. Bc4 Bc5 4. O-O Nf6 5. d3 d6 6. c3 O-O 7. Bg5 a5 8. a4 h6 
9. Bh4 g5 10. Bg3 Kg7 11. Nbd2 Ba7 12. Nb3 Ne7 13. Re1 Nh5 14. d4 Nxg3 
15. hxg3 Ng6 16. Nh2 c6 17. Nf1 f5 18. exf5 Bxf5 19. Ne3 Qf6 20. Rf1 Bd7 
21. Be2 exd4 22. cxd4 Ne7 23. Bh5 Kh8 24. Qd3 Bb6 25. Rae1 Nf5 26. Bg4 Nxe3 
27. fxe3 Qg7 28. Bxd7 Qxd7 29. d5 Qh7 30. Qc3+ Qg7 31. Nd4 cxd5 32. Qb3 Bxd4 
33. exd4 Qxd4+ 34. Kh2 h5 35. Rd1 Qc4 36. Rf3 Qxb3 37. Rxb3 Rf5 38. Rxb7 Rc8 
39. g4 hxg4 40. Kg3 Kg8 41. Kxg4 Re5 42. Kh5 g4+ 43. Kh4 Rc2 44. g3 Kf8 
45. Rf1+ Ke8 46. Kxg4 Re7 47. Rb8+ Kd7 48. Rb7+ Ke8 49. Rb6 Re4+ 50. Kg5 Ke7 
51. Rb7+ Ke6 52. Rf6+ Ke5 53. Rb6 Rxa4 54. Rf5+ Ke6 55. Rf6+ Ke5 56. Rf5+ Ke6 
57. Rf6+ Ke5 1/2-1/2

[Event "Wednesday Night Engine Blitz Tour DRR 3m+1s Starts at 2200hrs"]
[Site "Infinity Chess"]
[Date "2018.4.25"]
[Round "2"]
[White "gmmarolideus"]
[Black "Victorious"]
[Result "1/2-1/2"]
[ECO "C53"]
[WhiteElo "2301"]
[BlackElo "2524"]
[WhiteEngine "asmFishW_2018-04-07_popcnt_CTG"]
[BlackEngine "asmFishW_2018-04-24_popcnt"]
[EventType "Round Robin"]
[WhiteTeam ""]
[BlackTeam ""]
[PlyCount "49"]
[TimeControl "180+1"]

1. e4 e5 2. Nf3 Nc6 3. Bc4 Bc5 4. c3 Nf6 5. d4 exd4 6. cxd4 Bb4+ 7. Bd2 Nxe4 
8. Bxb4 Nxb4 9. Bxf7+ Kxf7 10. Qb3+ Kf8 11. Qxb4+ Qe7 12. Qxe7+ Kxe7 13. O-O Re8 
14. Re1 Kf8 15. Nfd2 Nf6 16. Nc3 b5 17. Nde4 b4 18. Nxf6 Rxe1+ 19. Rxe1 bxc3 
20. Nxh7+ Kf7 21. bxc3 Kg6 22. Nf8+ Kf7 23. Nh7 Kg6 24. Nf8+ Kf7 25. Nh7 1/2-1/2

[Event "Wednesday Night Engine Blitz Tour DRR 3m+1s Starts at 2200hrs"]
[Site "Infinity Chess"]
[Date "2018.4.25"]
[Round "2"]
[White "OlivierEvan"]
[Black "Dovahkiin"]
[Result "1/2-1/2"]
[ECO ""]
[WhiteElo "2388"]
[BlackElo "2485"]
[WhiteEngine "Houdini 6"]
[BlackEngine "BrainFish_180423_x64_modern_CTG"]
[EventType "Round Robin"]
[WhiteTeam ""]
[BlackTeam ""]
[PlyCount "102"]
[TimeControl "180+1"]

1. e3 d5 2. b4 e5 3. Bb2 Nd7 4. a3 Ngf6 5. c4 c6 6. d4 e4 7. c5 b6 8. Nh3 Be7 
9. Be2 Bb7 10. Nc3 Qb8 11. O-O O-O 12. f3 exf3 13. Rxf3 Re8 14. Nf2 a5 
15. e4 axb4 16. axb4 Rxa1 17. Bxa1 bxc5 18. bxc5 dxe4 19. Ncxe4 Nd5 20. Bc4 N7f6 
21. Qe2 Qd8 22. Nxf6+ Bxf6 23. Ne4 Be7 24. Qf1 Bh4 25. Qd3 Bc8 26. Rf1 Be7 
27. Qg3 Be6 28. Nd6 Bxd6 29. cxd6 h5 30. h4 Qb8 31. Be2 Bg4 32. Bxg4 hxg4 
33. d7 Rd8 34. Qxb8 Rxb8 35. Re1 Kf8 36. Bb2 f6 37. Re6 Rd8 38. Kh2 Rxd7 
39. Rxc6 Ra7 40. Kg3 Ra2 41. Bc1 Ne7 42. Rc5 Kf7 43. d5 g6 44. h5 gxh5 
45. d6 Ng6 46. Rxh5 Ke6 47. d7 Kxd7 48. Rh6 Rc2 49. Rxg6 Rxc1 50. Rxf6 Rc2 
51. Kxg4 Rxg2+ 1/2-1/2

[Event "Wednesday Night Engine Blitz Tour DRR 3m+1s Starts at 2200hrs"]
[Site "Infinity Chess"]
[Date "2018.4.25"]
[Round "1"]
[White "Dovahkiin"]
[Black "star99"]
[Result "1/2-1/2"]
[ECO "C55"]
[WhiteElo "2486"]
[BlackElo "2463"]
[WhiteEngine "BrainFish_180423_x64_modern_CTG"]
[BlackEngine "Cryptic Heroes 9.4B"]
[EventType "Round Robin"]
[WhiteTeam ""]
[BlackTeam ""]
[PlyCount "185"]
[TimeControl "180+1"]

1. e4 e5 2. Nf3 Nc6 3. Bc4 Nf6 4. d3 Bc5 5. O-O d6 6. c3 O-O 7. Bg5 h6 8. Bh4 a5 
9. a4 g5 10. Bg3 Kg7 11. Nbd2 Ng8 12. Re1 Nge7 13. d4 exd4 14. Nb3 Bb6 
15. Nbxd4 f5 16. exf5 Nxf5 17. Ne6+ Bxe6 18. Rxe6 Rf6 19. Qe2 Rxe6 20. Qxe6 Qf6 
21. Qd7+ Kg6 22. h4 Qe7 23. Qxe7 Ncxe7 24. Re1 Rf8 25. Kh2 g4 26. Bd3 Kg7 
27. Nd2 Nxg3 28. Rxe7+ Kf6 29. Rd7 Bxf2 30. Rxc7 d5 31. Rh7 h5 32. Rh6+ Ke5 
33. Nb3 Kf4 34. Nxa5 Ke3 35. Bb5 Rf5 36. Nb3 Ne4 37. Nd4 Re5 38. Re6 Rxe6 
39. Nxe6 Bxh4 40. Ng7 Bg3+ 41. Kg1 h4 42. Bd7 Bf2+ 43. Kh2 Bg3+ 44. Kg1 Bf2+ 
45. Kh2 Nf6 46. Nf5+ Kd3 47. Be6 b6 48. Ne7 Kc4 49. Ng8 Nxg8 50. Bxg8 Bg3+ 
51. Kg1 Be5 52. g3 hxg3 53. Kg2 Bf4 54. Be6 Be5 55. Bxg4 Kb3 56. Be6 Kxb2 
57. Bxd5 Kxc3 58. Bc6 Bd6 59. Kf3 Kd3 60. Bb5+ Kc2 61. Bd7 Kb2 62. Kg2 Ka3 
63. Bb5 Bc7 64. Kf3 Kb2 65. Bd7 Bf4 66. Be6 Be5 67. Bd7 Kb3 68. Be8 Bd6 
69. Bd7 Bc7 70. Bc6 Kb4 71. Bd7 Kc3 72. Bb5 Be5 73. Bd7 Kc4 74. Bc6 Kb4 
75. Bb5 Kb3 76. Bd7 Kc3 77. Be8 Kc2 78. Bg6+ Kb3 79. Be8 Bc7 80. Bd7 Bf4 
81. Be8 Bc7 82. Bb5 Kc2 83. Bd7 Kd2 84. Be6 Kc1 85. Bd5 Kc2 86. Ba8 Kc3 
87. Bd5 Kb4 88. Bc6 Kc5 89. Bb5 Bf4 90. Bd7 Kc4 91. Bc6 Bc7 92. Bd7 g2 93. Kxg2 
1/2-1/2

[Event "Wednesday Night Engine Blitz Tour DRR 3m+1s Starts at 2200hrs"]
[Site "Infinity Chess"]
[Date "2018.4.25"]
[Round "1"]
[White "Victorious"]
[Black "OlivierEvan"]
[Result "1-0"]
[ECO "C55"]
[WhiteElo "2512"]
[BlackElo "2400"]
[WhiteEngine "asmFishW_2018-04-24_popcnt"]
[BlackEngine "Houdini 6"]
[EventType "Round Robin"]
[WhiteTeam ""]
[BlackTeam ""]
[PlyCount "166"]
[TimeControl "180+1"]

1. e4 e5 2. Nf3 Nc6 3. Bc4 Nf6 4. d3 Bc5 5. O-O d6 6. c3 O-O 7. Bb3 a6 
8. Nbd2 Ba7 9. Re1 Ng4 10. Re2 Na5 11. Bc2 Nf6 12. h3 c5 13. Nf1 h6 14. Ng3 Nc6 
15. Re1 Be6 16. Nh4 Ne7 17. Qf3 Kh7 18. Nhf5 Nxf5 19. Nxf5 b5 20. Bd2 Rb8 
21. Rad1 Rc8 22. a4 b4 23. Bb1 bxc3 24. bxc3 Bb3 25. Rc1 Be6 26. Bc2 c4 
27. Rb1 cxd3 28. Bxd3 Ra8 29. Red1 Bc5 30. Rb7 Kh8 31. Bc2 Rc8 32. Bc1 Re8 
33. Kh1 Kh7 34. g4 Ng8 35. g5 g6 36. gxh6 Rf8 37. Rg1 Rc7 38. Rxc7 Qxc7 
39. h4 Qd8 40. Rg2 Bd7 41. Bg5 f6 42. Bd2 Ne7 43. Qg3 Rg8 44. Ng7 Qb8 45. Bc1 a5 
46. Qf3 Rf8 47. Qg3 Rg8 48. f4 Qf8 49. fxe5 fxe5 50. Kh2 Qf7 51. Bg5 Nc6 
52. Bd1 Nd8 53. Bd2 Kh8 54. h5 gxh5 55. Bxh5 Qf8 56. Bg4 Bxg4 57. Qxg4 Kh7 
58. Bg5 Bb6 59. Nh5 Rg6 60. Nf6+ Qxf6 61. Bxf6 Rxg4 62. Rxg4 Ne6 63. Be7 Bc5 
64. Kg3 Kxh6 65. Kf3 Kh7 66. Rg2 Ba3 67. Rd2 Kg7 68. Bxd6 Ng5+ 69. Kg4 Nxe4 
70. Bxe5+ Kf7 71. Rd5 Ke6 72. Rxa5 Nf2+ 73. Kf3 Nd3 74. Bd4 Kd6 75. Rh5 Kc6 
76. a5 Bd6 77. a6 Bb8 78. a7 Bxa7 79. Bxa7 Nc1 80. Be3 Nb3 81. Ke4 Kd7 
82. Rb5 Na1 83. Kd5 Nc2 1-0